 Dungeon Crawl Stone Soup version 0.23-a0-183-gf37f6fb (webtiles) character file.

23 4thArraOfDagon the Slasher (level 2, -1/22 HPs)
             Began as a Mummy Warper on Sept 21, 2018.
             Slain by an adder (2 damage)
             ... on level 3 of the Dungeon.
             The game lasted 00:02:02 (540 turns).

4thArraOfDagon the Slasher (Mummy Warper)            Turns: 540, Time: 00:02:03

Health: -1/22      AC:  5    Str: 14    XL:     2   Next: 72%
Magic:  5/5        EV: 10    Int: 12    God:
Gold:   8          SH:  0    Dex: 11    Spells: 6/6 levels left

rFire    x . .     SeeInvis .   a - +0 falchion
rCold    + . .     Gourm    .   (no shield)
rNeg     + + +     Faith    .   c - +0 ring mail
rPois    ∞         Spirit   .   (no helmet)
rElec    .         Reflect  .   (no cloak)
rCorr    .         Harm     .   (no gloves)
MR       .....                  (no boots)
Stlth    +.........             (no amulet)
HPRegen  0.07/turn              (no ring)
MPRegen  0.09/turn              (no ring)

@: very slightly contaminated
A: no food or potions, fire vulnerability, cold resistance 1, negative energy
resistance 3, torment resistance, unbreathing
a: no special abilities


You were on level 3 of the Dungeon.
You were not hungry.

You visited 1 branch of the dungeon, and saw 3 of its levels.

You collected 8 gold pieces.

Inventory:

Hand Weapons
 a - a +0 falchion (weapon)
Missiles
 e - 4 tomahawks of dispersal (quivered)
 f - a throwing net
Armour
 b - a +0 leather armour
 c - a +0 ring mail (worn)
Scrolls
 d - a scroll of blinking


   Skills:
 - Level 2.0 Fighting
 * Level 2.7 Long Blades
 - Level 0.7 Throwing
 - Level 0.7 Armour
 - Level 1.5 Dodging
 - Level 2.6 Spellcasting
   Level 2.4 Translocations


You had 6 spell levels left.
You didn't know any spells.
Your spell library contained the following spells:

 Spells                   Type           Power        Failure   Level  Hunger
 Blink                    Tloc           N/A          28%         2    N/A
 Shroud of Golubria       Chrm/Tloc      #.........   43%         2    N/A
 Gell's Gravitas          Tloc           #.........   50%         3    N/A
 Lesser Beckoning         Tloc           #.........   50%         3    N/A
 Teleport Other           Tloc           #.......     50%         3    N/A
 Passage of Golubria      Tloc           N/A          88%         4    N/A

Dungeon Overview and Level Annotations

Branches:
Dungeon (3/15)

Altars:

Annotations:
D:2 Terence
D:3 Crazy Yiuf


Innate Abilities, Weirdness & Mutations

You do not eat or drink.
Your flesh is vulnerable to fire.
You are immune to poison.
Your flesh is cold resistant. (rC+)
You are immune to negative energy. (rN+++)
You are immune to unholy pain and torment.
You can survive without breathing.


Message History

Unknown command.
Unknown command.
Unknown command.
Unknown command.
An adder comes into view.
The adder hisses angrily.
A crimson imp comes into view.
The adder barely misses you.
Found a club and a ring mail.
Unknown command.
Unknown command.
Unknown command.
The crimson imp shouts!
The adder bites you.
* * * LOW HITPOINT WARNING * * *
Unknown command.
Unknown command.
Unknown command.
The adder bites you.
You die...

+..s... ... ..# .# ..
#.....# #.# #.##.###
+#..#.....###.###......#..
......g...g...............
#..#.#.#.###.###s##.#....
...#.#§.§§.#.###g#..)....
......§§§§................
.#.##.###§#§#.###.#5##...#
#.###§#.#@###....# # #
#.#..§§.#.Sg...[.#
#.##...#.#########..#
#.[..#g#.# #.#
###.##.#.### ## #####♣♣
.......<.# #...#♣g
........g..# #...'.♣
.......g...# #)..#♣♣
...........# #####


You could see an adder and a goblin.

Vanquished Creatures
  An ooze (D:2)
  A dart slug (D:1)
  A leopard gecko (D:1)
  A giant cockroach (D:1)
  A goblin (D:1)
  3 hobgoblins (D:1)
  3 frilled lizards
  A kobold (D:2)
  5 rats
17 creatures vanquished.

Notes
Turn   | Place    | Note
-------+----------+-------------------------------------------
     0 | D:1      | 4thArraOfDagon the Mummy Warper began the quest for the
                  | Orb.
     0 | D:1      | Reached XP level 1. HP: 16/16 MP: 4/4
   126 | D:1      | Reached XP level 2. HP: 9/22 MP: 5/5
   441 | D:2      | Noticed Terence
   481 | D:2      | You fall through a shaft!
   481 | D:3      | Found a runed door.
   481 | D:3      | Noticed Crazy Yiuf
   534 | D:3      | Noticed a crimson imp
   537 | D:3      | HP: 1/22 [adder (4)]
   540 | D:3      | Slain by an adder

Vault maps used:
D:1:      elethiomel_arrival_infinity_welcomes_careful_drivers
D:2:      overflow_temple_1_default, first_ration, tgw_kikubaaqudgha,
          uniq_sigmund, uniq_terence
D:3:      nicolae_overflow_hidden_temple, uniq_purgy, uniq_crazy_yiuf_cottage,
          uniq_jessica

Skill      XL: |  1 |
---------------+----+-----
Long Blades    | 2 |  2.7
Fighting       | |  2.0
Throwing       | |  0.7
Armour         | |  0.7
Dodging        | |  1.5
Spellcasting   | |  2.6
Translocations | |  2.4

Action                   || total
-------------------------++-------
Melee: Falchion          ||    51
Throw: Tomahawk          ||     1
  Use: Scroll            ||     4
Armor: Leather armour    ||    11
       Ring mail         ||     4
Dodge: Dodged            ||    41
       Rpst.: Falchion   ||    17

Table legend:
 A = Non-vault XP
 B = Vault XP
 C = Vault XP percentage of total XP
 D = Non-vault monster count
 E = Vault monster count
 F = Vault count percentage of total count
                 A         B        C        D         E       F
            +---------+---------+-------+---------+---------+-------
      Total |      33 |       0 |   0.0 |      17 |       0 |   0.0
            +---------+---------+-------+---------+---------+-------
        D:1 |      22 |       0 |   0.0 |      12 |       0 |   0.0
        D:2 |      11 |       0 |   0.0 |       5 |       0 |   0.0
            +---------+---------+-------+---------+---------+-------
